 Dungeon Crawl Stone Soup version 0.23-a0-143-g1adec7b (webtiles) character file.

28 Inarius the Covered (level 3, -2/26 HPs)
             Began as a Halfling Fighter on Sept 3, 2018.
             Slain by an adder (5 damage)
             ... on level 2 of the Dungeon.
             The game lasted 00:01:36 (978 turns).

Inarius the Covered (Halfling Fighter)               Turns: 978, Time: 00:01:38

Health: -2/26      AC:  2    Str: 18    XL:     3   Next: 27%
Magic:  3/3        EV: 10    Int:  6    God:
Gold:   37         SH:  9    Dex: 13    Spells: 2/2 levels left

rFire    . . .     SeeInvis .   a - +0 rapier
rCold    . . .     Gourm    .   c - +0 shield
rNeg     . . .     Faith    .   l - +0 robe (curse)
rPois    .         Spirit   .   (no helmet)
rElec    .         Reflect  .   (no cloak)
rCorr    .         Harm     .   (no gloves)
MR       .....                  (no boots)
Stlth    ++........             (no amulet)
HPRegen  0.08/turn              (no ring)
MPRegen  0.08/turn              (no ring)

@: lethally poisoned (-2 -> -11)
A: small, mutation resistance 1
a: no special abilities


You were on level 2 of the Dungeon.
You were not hungry.

You visited 1 branch of the dungeon, and saw 2 of its levels.

You collected 37 gold pieces.

Inventory:

Hand Weapons
 a - a +0 rapier (weapon)
Missiles
 k - 28 stones (quivered)
Armour
 b - a +0 scale mail
 c - a +0 shield (worn)
 h - a +0 leather armour
 l - a cursed +0 robe (worn)
Scrolls
 i - a scroll of amnesia {unknown}
 j - 3 scrolls of immolation
 m - a scroll of remove curse
Potions
 d - a potion of might
 e - a potion of agility {unknown}
Comestibles
 f - 3 rations


   Skills:
 * Level 3.2 Fighting
 + Level 2.7 Short Blades
 + Level 3.4 Armour
 * Level 1.1 Stealth
 + Level 3.4 Shields


You had 2 spell levels left.
You didn't know any spells.
Your spell library was empty.

Dungeon Overview and Level Annotations

Branches:
Dungeon (2/15)

Altars:


Innate Abilities, Weirdness & Mutations

You are small and have problems with some larger weapons.
You are somewhat resistant to further mutation.


Message History

You are more poisoned.
The adder poisons you!
A giant cockroach comes into view.
The adder bites you.
You miss the adder.
You feel sick. The adder bites you.
You miss the adder.
You feel sick. You block the adder's attack. x2
You are too injured to fight recklessly!
You are too injured to fight recklessly!
You barely miss the adder.
You feel sick. The adder bites you. You block the adder's attack.
You are too injured to fight recklessly!
You closely miss the adder.
* * * LOW HITPOINT WARNING * * *
You feel sick. You block the adder's attack.
You miss the adder.
* * * LOW HITPOINT WARNING * * *
You feel sick. The adder bites you.
* * * LOW HITPOINT WARNING * * *
The adder bites you.
You die...

.....
##############......
#................K..
#...........##......
#...........# ###..
#...........#
#########K### #S#
#@# #.# #.# #.# #.#
#.# ########.#
#........#
#.########


You could see an adder and a kobold.

Vanquished Creatures
  An adder (D:2)
  3 bats (D:1)
  A giant cockroach (D:1)
  4 goblins (D:1)
  3 hobgoblins (D:1)
  A kobold (D:1)
  A frilled lizard (D:1)
  3 rats (D:1)
17 creatures vanquished.

Notes
Turn   | Place    | Note
-------+----------+-------------------------------------------
     0 | D:1      | Inarius the Halfling Fighter began the quest for the Orb.
     0 | D:1      | Reached XP level 1. HP: 15/15 MP: 1/1
   127 | D:1      | Reached XP level 2. HP: 21/21 MP: 2/2
   919 | D:2      | Reached skill level 1 in Stealth
   919 | D:2      | Reached XP level 3. HP: 22/26 MP: 3/3
   978 | D:2      | Slain by an adder

Vault maps used:
D:1:      dpeg_arrival_shrine
D:2:      old_standard_altar, nicolae_gozag_cash_rules_everything_around_me

Skill      XL: |  1  2 |
---------------+-------+-----
Fighting       | 3 |  3.2
Stealth        | 1 |  1.1
Short Blades   | |  2.7
Armour         | |  3.4
Shields        | |  3.4

Action                   || total
-------------------------++-------
Melee: Rapier            ||    53
Throw: Stone             ||     1
  Use: Scroll            ||     2
 Stab: Sleeping          ||     2
Armor: Scale mail        ||     4
       Leather armour    ||     3
       Robe              ||     1
Dodge: Dodged            ||    14
Block: Shield            ||    30

Table legend:
 A = Non-vault XP
 B = Vault XP
 C = Vault XP percentage of total XP
 D = Non-vault monster count
 E = Vault monster count
 F = Vault count percentage of total count
                 A         B        C        D         E       F
            +---------+---------+-------+---------+---------+-------
      Total |      40 |       0 |   0.0 |      17 |       0 |   0.0
            +---------+---------+-------+---------+---------+-------
        D:1 |      27 |       0 |   0.0 |      16 |       0 |   0.0
        D:2 |      13 |       0 |   0.0 |       1 |       0 |   0.0
            +---------+---------+-------+---------+---------+-------
